TOP OF THE 1ST |
Mile High Broncos batting - Pitching for Mexico City Cerveceros : RHP Li-cong Sima
|
Pitching: RHP Li-cong Sima
|
|
Batting: SHB Ben Marks
|
0-0: Ball 1-0: Ball 2-0: Ball 3-0: Called Strike 3-1: Base on Balls
|
Batting: SHB Michael Field
|
0-0: Ball 1-0: Ground out 6-3 (Groundball, 6S) Ben Marks to second
|
Batting: RHB Rodney González
|
0-0: Ball 1-0: Ball 2-0: Ground out U3 (Groundball, 34) Ben Marks to third
|
Batting: RHB António Martínez
|
0-0: Ball 1-0: Foul Ball, location: 2F 1-1: Ball 2-1: Ball 3-1: Base on Balls
|
Batting: LHB Tony Báez
|
0-0: Called Strike 0-1: Ball 1-1: Foul Ball, location: 2F 1-2: Ball 2-2: Strikes out swinging
|
Top of the 1st over - 0 runs, 0 hits, 0 errors, 2 left on base; Mile High 0 - Mexico City 0 |
BOTTOM OF THE 1ST |
Mexico City Cerveceros batting - Pitching for Mile High Broncos : RHP Scott King
|
Pitching: RHP Scott King
|
|
Batting: RHB Juan Estrada
|
0-0: Foul Ball, location: 2F 0-1: Ball 1-1: Ball 2-1: SINGLE (Line Drive, 8LS)
|
Batting: RHB John Dinkins
|
0-0: Ball Juan Estrada steals 2nd base 1-0: Ball 2-0: Called Strike 2-1: Called Strike 2-2: Strikes out swinging
|
Batting: LHB Mike Harris
|
0-0: Ball Juan Estrada steals 3rd base 1-0: Called Strike 1-1: Swinging Strike 1-2: Hit by Pitch
|
Batting: LHB Dan Hamilton
|
Pickoff Throw to First - Error! E1 Juan Estrada scores Mike Harris to second 0-0: Called Strike 0-1: Foul Ball, location: 2F 0-2: Ball 1-2: Ball 2-2: Ball 3-2: Base on Balls
|
Batting: RHB Esteban Concepción
|
0-0: Called Strike 0-1: Foul Ball, location: 2F 0-2: Ground out 3-1 (Groundball, 34S) Mike Harris to third Dan Hamilton to second
|
Batting: RHB Henning Huisman
|
0-0: Foul Ball, location: 2F 0-1: Foul Ball, location: 2F 0-2: Ball 1-2: Foul Ball, location: 2F 1-2: Strikes out swinging
|
Bottom of the 1st over - 1 run, 1 hit, 1 error, 2 left on base; Mile High 0 - Mexico City 1 |
TOP OF THE 2ND |
Mile High Broncos batting - Pitching for Mexico City Cerveceros : RHP Li-cong Sima
|
Batting: RHB Evan Robinson
|
0-0: SINGLE (Groundball, 56D)
|
Batting: RHB Edward Williams
|
0-0: SINGLE (Line Drive, 4) Evan Robinson to second
|
Batting: SHB Paco Martínez
|
0-0: Foul Ball, location: 2F 0-1: SINGLE (Groundball, 6MD) Evan Robinson to third Edward Williams to second Runner from 3rd tries for Home, SAFE, no throw
|
Batting: RHB Luis Ramos
|
0-0: Fly out, F9 (Flyball, 9D) Runner from 2nd tags up, SAFE at 3rd, no throw
|
Batting: SHB Ben Marks
|
0-0: Ball Paco Martínez is caught stealing 2nd base 1-0: SINGLE (Groundball, 4MS) (infield hit) Edward Williams scores
|
Batting: SHB Michael Field
|
0-0: Hit by Pitch Ben Marks to second
|
Batting: RHB Rodney González
|
0-0: Ball 1-0: 3-RUN HOME RUN (Flyball, 7D), Distance : 354 ft
|
Batting: RHB António Martínez
|
0-0: Called Strike 0-1: Foul Ball, location: 2F 0-2: Ball 1-2: Ball 2-2: Strikes out looking
|
Top of the 2nd over - 5 runs, 5 hits, 0 errors, 0 left on base; Mile High 5 - Mexico City 1 |
BOTTOM OF THE 2ND |
Mexico City Cerveceros batting - Pitching for Mile High Broncos : RHP Scott King
|
Batting: RHB Robinson Pacheco
|
0-0: Called Strike 0-1: Ball 1-1: Foul Ball, location: 2F 1-2: Strikes out swinging
|
Batting: RHB Eliot James
|
0-0: Ball 1-0: Ball 2-0: SINGLE (Line Drive, 89M)
|
Batting: RHB Mitchell Pate
|
0-0: Called Strike 0-1: Ball 1-1: Foul Ball, location: 2F 1-2: Strikes out swinging
|
Batting: RHB Juan Estrada
|
0-0: Swinging Strike 0-1: Foul Ball, location: 2F 0-2: Ball 1-2: Ball 2-2: Foul Ball, location: 2F 2-2: Ball 3-2: Base on Balls Eliot James to second
|
Batting: RHB John Dinkins
|
0-0: Swinging Strike 0-1: Fly out, F8 (Flyball, 8RM)
|
Bottom of the 2nd over - 0 runs, 1 hit, 0 errors, 2 left on base; Mile High 5 - Mexico City 1 |
TOP OF THE 3RD |
Mile High Broncos batting - Pitching for Mexico City Cerveceros : RHP Li-cong Sima
|
Batting: LHB Tony Báez
|
0-0: Called Strike 0-1: Swinging Strike 0-2: Strikes out looking
|
Batting: RHB Evan Robinson
|
0-0: Called Strike 0-1: Called Strike 0-2: Ball 1-2: Fly out, F8 (Flyball, 78XD)
|
Batting: RHB Edward Williams
|
0-0: Ball 1-0: Foul Ball, location: 2F 1-1: Swinging Strike 1-2: Ball 2-2: Strikes out swinging
|
Top of the 3rd over - 0 runs, 0 hits, 0 errors, 0 left on base; Mile High 5 - Mexico City 1 |
BOTTOM OF THE 3RD |
Mexico City Cerveceros batting - Pitching for Mile High Broncos : RHP Scott King
|
Batting: LHB Mike Harris
|
0-0: Called Strike 0-1: Foul Ball, location: 2F 0-2: Ball 1-2: SINGLE (Line Drive, 6D)
|
Batting: LHB Dan Hamilton
|
0-0: Called Strike 0-1: SINGLE (Flyball, 78S) Mike Harris to second
|
Batting: RHB Esteban Concepción
|
0-0: Ball 1-0: Ball Mike Harris steals 3rd base 2-0: Ground out 6-3 (Groundball, 6S) Mike Harris scores Dan Hamilton to second
|
Batting: RHB Henning Huisman
|
0-0: Ball 1-0: Fly out, F4 (Popup, 4S)
|
Batting: RHB Robinson Pacheco
|
0-0: Ball 1-0: Ball 2-0: Ball 3-0: Called Strike 3-1: Swinging Strike 3-2: Strikes out swinging
|
Bottom of the 3rd over - 1 run, 2 hits, 0 errors, 1 left on base; Mile High 5 - Mexico City 2 |
TOP OF THE 4TH |
Mile High Broncos batting - Pitching for Mexico City Cerveceros : RHP Li-cong Sima
|
Batting: SHB Paco Martínez
|
0-0: Called Strike 0-1: Ball 1-1: Ball 2-1: SINGLE (Line Drive, 89S)
|
Batting: RHB Luis Ramos
|
0-0: Ball 1-0: Called Strike 1-1: Foul Ball, location: 2F 1-2: Fly out, F8 (Flyball, 8RM)
|
Batting: SHB Ben Marks
|
0-0: Swinging Strike 0-1: Ball 1-1: Ball 2-1: Swinging Strike 2-2: Foul Ball, location: 2F 2-2: Ball 3-2: Base on Balls Paco Martínez to second
|
Batting: SHB Michael Field
|
0-0: Ball 1-0: Foul Ball, location: 2F 1-1: Fielders Choice at 2nd, 3-6 (Groundball, 34) Paco Martínez to third
|
Batting: RHB Rodney González
|
0-0: Foul Ball, location: 2F 0-1: SINGLE (Groundball, 34D) Paco Martínez scores Michael Field to second Runner from 2nd tries for 3rd, SAFE, no throw
|
Batting: RHB António Martínez
|
0-0: Ball 1-0: Swinging Strike 1-1: Fly out, F3 (Popup, 3F)
|
Top of the 4th over - 1 run, 2 hits, 0 errors, 2 left on base; Mile High 6 - Mexico City 2 |
BOTTOM OF THE 4TH |
Mexico City Cerveceros batting - Pitching for Mile High Broncos : RHP Scott King
|
Batting: RHB Eliot James
|
0-0: Foul Ball, location: 2F 0-1: Ball 1-1: SINGLE (Groundball, 56S) (infield hit)
|
Batting: RHB Mitchell Pate
|
0-0: Called Strike 0-1: Fly out, F9 (Flyball, 9LS)
|
Batting: RHB Juan Estrada
|
0-0: SINGLE (Groundball, 56D) Eliot James to second
|
Batting: RHB John Dinkins
|
0-0: Ball 1-0: Swinging Strike 1-1: Swinging Strike 1-2: Strikes out swinging
|
Batting: LHB Mike Harris
|
0-0: Called Strike 0-1: Ball 1-1: Fielders Choice at 2nd, 6-4 (Groundball, 6)
|
Bottom of the 4th over - 0 runs, 2 hits, 0 errors, 2 left on base; Mile High 6 - Mexico City 2 |
TOP OF THE 5TH |
Mile High Broncos batting - Pitching for Mexico City Cerveceros : RHP Li-cong Sima
|
Batting: LHB Tony Báez
|
0-0: Ball 1-0: Ball 2-0: DOUBLE (Line Drive, 9D)
|
Batting: RHB Evan Robinson
|
0-0: Called Strike 0-1: Ball 1-1: Foul Ball, location: 2F 1-2: Ball 2-2: Fly out, F8 (Line Drive, 89D) Runner from 2nd tags up, SAFE at 3rd, no throw
|
Batting: RHB Edward Williams
|
0-0: Foul Ball, location: 2F 0-1: Ball 1-1: Ball 2-1: Foul Ball, location: 2F 2-2: Foul Ball, location: 2F 2-2: Ball 3-2: Base on Balls
|
Batting: SHB Paco Martínez
|
0-0: Called Strike 0-1: Swinging Strike 0-2: Ball 1-2: Strikes out swinging
|
Batting: RHB Luis Ramos
|
0-0: Called Strike 0-1: Ball 1-1: Ball 2-1: Swinging Strike 2-2: Fly out, F4 (Line Drive, 4M)
|
Top of the 5th over - 0 runs, 1 hit, 0 errors, 2 left on base; Mile High 6 - Mexico City 2 |
BOTTOM OF THE 5TH |
Mexico City Cerveceros batting - Pitching for Mile High Broncos : RHP Scott King
|
Batting: LHB Dan Hamilton
|
0-0: Ball 1-0: Foul Ball, location: 2F 1-1: Ball 2-1: Ball 3-1: Base on Balls
|
Batting: RHB Esteban Concepción
|
0-0: Foul Ball, location: 2F 0-1: Called Strike 0-2: Ball 1-2: Foul Ball, location: 2F 1-2: Strikes out swinging
|
Batting: RHB Henning Huisman
|
0-0: Ball 1-0: Fly out, F9 (Flyball, 9LS)
|
Batting: RHB Robinson Pacheco
|
0-0: Called Strike Dan Hamilton steals 2nd base 0-1: Ball 1-1: Fly out, F7 (Flyball, 7LM)
|
Bottom of the 5th over - 0 runs, 0 hits, 0 errors, 1 left on base; Mile High 6 - Mexico City 2 |
TOP OF THE 6TH |
Mile High Broncos batting - Pitching for Mexico City Cerveceros : RHP Li-cong Sima
|
Pitching: RHP José Santos
|
|
Batting: SHB Ben Marks
|
0-0: Called Strike 0-1: Ball 1-1: Fly out, F2 (Popup, 25F)
|
Batting: SHB Michael Field
|
0-0: Ball 1-0: Ball 2-0: Fly out, F8 (Line Drive, 8LXD)
|
Batting: RHB Rodney González
|
0-0: Ball 1-0: Swinging Strike 1-1: Ball 2-1: Foul Ball, location: 2F 2-2: Foul Ball, location: 2F 2-2: Ball 3-2: Base on Balls
|
Batting: RHB António Martínez
|
0-0: Ball Rodney González steals 2nd base 1-0: Swinging Strike 1-1: Swinging Strike 1-2: Ball 2-2: Ball 3-2: Strikes out looking
|
Top of the 6th over - 0 runs, 0 hits, 0 errors, 1 left on base; Mile High 6 - Mexico City 2 |
TOP OF THE 7TH |
Mile High Broncos batting - Pitching for Mexico City Cerveceros : RHP José Santos
|
Pitching: LHP Ben Johnston
|
|
Batting: LHB Tony Báez
|
0-0: Called Strike 0-1: Called Strike 0-2: Strikes out swinging
|
Pitching: RHP George Lockhart
|
|
Batting: RHB Evan Robinson
|
0-0: Foul Ball, location: 2F 0-1: Ball 1-1: Foul Ball, location: 2F 1-2: Strikes out looking
|
Batting: RHB Edward Williams
|
0-0: Ball 1-0: SINGLE (Line Drive, 56D)
|
Batting: SHB Paco Martínez
|
Pickoff Throw to First - Out!
|
Top of the 7th over - 0 runs, 1 hit, 0 errors, 0 left on base; Mile High 6 - Mexico City 4 |
BOTTOM OF THE 7TH |
Mexico City Cerveceros batting - Pitching for Mile High Broncos : LHP Todd Anderson
|
Batting: RHB Esteban Concepción
|
0-0: SOLO HOME RUN (Flyball, 7LD), Distance : 348 ft
|
Batting: RHB Henning Huisman
|
0-0: Ball 1-0: Swinging Strike 1-1: Ball 2-1: Foul Ball, location: 2F 2-2: Foul Ball, location: 2F 2-2: Ball 3-2: Foul Ball, location: 2F 3-2: Base on Balls
|
Batting: RHB Robinson Pacheco
|
0-0: Ball 1-0: Ball 2-0: Bunt - Flyout! F5
|
Batting: RHB Eliot James
|
0-0: Foul Ball, location: 2F 0-1: Called Strike 0-2: Ball 1-2: Ball 2-2: Strikes out swinging
|
Batting: RHB Mitchell Pate
|
0-0: Foul Ball, location: 2F 0-1: Swinging Strike 0-2: Ball Henning Huisman is caught stealing 2nd base
|
Bottom of the 7th over - 1 run, 1 hit, 0 errors, 0 left on base; Mile High 6 - Mexico City 5 |
TOP OF THE 8TH |
Mile High Broncos batting - Pitching for Mexico City Cerveceros : RHP George Lockhart
|
Batting: SHB Paco Martínez
|
0-0: Ground out 6-3 (Groundball, 6)
|
Batting: RHB Luis Ramos
|
0-0: Foul Ball, location: 2F 0-1: Called Strike 0-2: Ball 1-2: Ball 2-2: Strikes out swinging
|
Batting: SHB Ben Marks
|
0-0: Ball 1-0: SINGLE (Line Drive, 8LS)
|
Batting: SHB Michael Field
|
0-0: Ball 1-0: Called Strike 1-1: Ball 2-1: Ball Passed Ball! Ben Marks to second 3-1: Called Strike 3-2: Foul Ball, location: 2F 3-2: Foul Ball, location: 2F 3-2: Foul Ball, location: 2F 3-2: Fly out, F5 (Popup, 56S)
|
Top of the 8th over - 0 runs, 1 hit, 0 errors, 1 left on base; Mile High 6 - Mexico City 5 |
BOTTOM OF THE 8TH |
Mexico City Cerveceros batting - Pitching for Mile High Broncos : LHP Todd Anderson
|
Now at SS: Luis Alvarado
|
|
Now in LF: Don Hull
|
|
Batting: RHB Mitchell Pate
|
0-0: Ball 1-0: Ball 2-0: Called Strike 2-1: Called Strike 2-2: Ball 3-2: Foul Ball, location: 2F 3-2: Foul Ball, location: 2F 3-2: SINGLE (Flyball, 8LM)
|
Pinch Runner at 1st Rafael Delgado:
|
|
Batting: RHB Juan Estrada
|
0-0: Ball 1-0: Swinging Strike 1-1: Ball 2-1: Foul Ball, location: 2F 2-2: Fly out, F9 (Flyball, 9LSF)
|
Batting: RHB John Dinkins
|
0-0: Foul Ball, location: 2F 0-1: Ball 1-1: Ball 2-1: Ball 3-1: Called Strike 3-2: Base on Balls Rafael Delgado to second
|
Pinch Hitting: RHB Lee Price
|
0-0: Ball 1-0: Called Strike 1-1: Ball 2-1: Foul Ball, location: 2F 2-2: Foul Ball, location: 2F 2-2: Ball 3-2: Foul Ball, location: 2F 3-2: Base on Balls Rafael Delgado to third John Dinkins to second
|
Pinch Hitting: RHB Juan Brieno
|
0-0: Called Strike 0-1: Fly out, F7 (Flyball, 7) Runner from 3rd tags up, SCORES, no throw
|
Batting: RHB Esteban Concepción
|
0-0: Ball 1-0: Ball 2-0: Ball 3-0: Base on Balls John Dinkins to third Lee Price to second
|
Batting: RHB Henning Huisman
|
0-0: Ball 1-0: Foul Ball, location: 2F 1-1: Ball 2-1: Fly out, F7 (Flyball, 7LMF)
|
Bottom of the 8th over - 1 run, 1 hit, 0 errors, 3 left on base; Mile High 6 - Mexico City 6 |
TOP OF THE 9TH |
Mile High Broncos batting - Pitching for Mexico City Cerveceros : RHP George Lockhart
|
Pitching: RHP Juan Ríos
|
|
Now at 1B: Tim Adkins
|
|
Now at 2B: Juan Brieno
|
|
Now in CF: Rafael Delgado
|
|
Pinch Hitting: LHB Mark Everett
|
0-0: Called Strike 0-1: Ball 1-1: Ball 2-1: Called Strike 2-2: Strikes out swinging
|
Batting: RHB António Martínez
|
0-0: Swinging Strike 0-1: Ball 1-1: Swinging Strike 1-2: Ball 2-2: Strikes out swinging
|
Batting: LHB Tony Báez
|
0-0: Called Strike 0-1: Ball 1-1: Foul Ball, location: 2F 1-2: Fly out, F8 (Flyball, 89D)
|
Top of the 9th over - 0 runs, 0 hits, 0 errors, 0 left on base; Mile High 6 - Mexico City 6 |
BOTTOM OF THE 9TH |
Mexico City Cerveceros batting - Pitching for Mile High Broncos : LHP Todd Anderson
|
Pitching: LHP Juan Garza
|
|
Now at 2B: Keith Shaffer
|
|
Batting: RHB Robinson Pacheco
|
0-0: Foul Ball, location: 2F 0-1: Ball 1-1: SINGLE (Groundball, 6D)
|
Batting: RHB Eliot James
|
0-0: Ball 1-0: SINGLE (Line Drive, 4M) Robinson Pacheco to second Runner from 2nd tries for 3rd, OUT!
|
Batting: LHB Rafael Delgado
|
0-0: Called Strike 0-1: Ball 1-1: Called Strike 1-2: Foul Ball, location: 2F 1-2: SINGLE (Groundball, 15) (infield hit) Eliot James to second
|
Batting: RHB Juan Estrada
|
0-0: Called Strike 0-1: Ball 1-1: Ball 2-1: Ball 3-1: Foul Ball, location: 2F 3-2: Strikes out looking
|
Batting: RHB John Dinkins
|
0-0: Ball 1-0: Ball 2-0: Ball 3-0: Base on Balls Eliot James to third Rafael Delgado to second
|
Batting: RHB Tim Adkins
|
0-0: Foul Ball, location: 2F 0-1: Ball 1-1: Ground out 4-3 (Groundball, 4)
|
Bottom of the 9th over - 0 runs, 3 hits, 0 errors, 3 left on base; Mile High 6 - Mexico City 6 |
TOP OF THE 10TH |
Mile High Broncos batting - Pitching for Mexico City Cerveceros : RHP Juan Ríos
|
Batting: RHB Evan Robinson
|
0-0: Foul Ball, location: 2F 0-1: Ball 1-1: SOLO HOME RUN (Flyball, 7D), Distance : 349 ft
|
Batting: RHB Edward Williams
|
0-0: Called Strike 0-1: Ball 1-1: Ball 2-1: Fly out, F5 (Line Drive, 5)
|
Batting: RHB Luis Alvarado
|
0-0: Ball 1-0: Called Strike 1-1: Ball 2-1: Swinging Strike 2-2: SINGLE (Groundball, 34) (infield hit)
|
Pinch Hitting: LHB Jesús González
|
0-0: Called Strike Balk! Luis Alvarado to second 0-1: Swinging Strike 0-2: Strikes out swinging
|
Batting: SHB Ben Marks
|
0-0: Ball 1-0: Foul Ball, location: 2F 1-1: DOUBLE (Line Drive, 7LD) Luis Alvarado scores
|
Batting: LHB Don Hull
|
0-0: Ball 1-0: Ball 2-0: Ball 3-0: Base on Balls
|
Batting: SHB Keith Shaffer
|
0-0: Fielders Choice at 2nd, U4 (Groundball, 4M)
|
Top of the 10th over - 2 runs, 3 hits, 0 errors, 2 left on base; Mile High 8 - Mexico City 6 |
BOTTOM OF THE 10TH |
Mexico City Cerveceros batting - Pitching for Mile High Broncos : LHP Juan Garza
|
Pitching: RHP José García
|
|
Now in LF: Jesús González
|
|
Batting: RHB Juan Brieno
|
0-0: Fly out, F1 (Line Drive, 13)
|
Batting: RHB Esteban Concepción
|
0-0: Called Strike 0-1: Foul Ball, location: 2F 0-2: Strikes out swinging
|
Batting: RHB Henning Huisman
|
0-0: Ball 1-0: Ball 2-0: Ball 3-0: Called Strike 3-1: Swinging Strike 3-2: Strikes out swinging
|
Bottom of the 10th over - 0 runs, 0 hits, 0 errors, 0 left on base; Mile High 8 - Mexico City 6 |
|